 Dungeon Crawl Stone Soup version 0.31.0-4-g52a2dc7128 (webtiles) character file.

Game seed: 10874234030341534612

340 shadowrider38 the Chopper (level 6, -3/56 HPs)
             Began as a Minotaur Fighter on Jan 22, 2024.
             Slain by a gnoll
             ... wielding a +0 flail
              (6 damage)
             ... on level 4 of the Dungeon.
             The game lasted 00:00:57 (2325 turns).

shadowrider38 the Chopper (Minotaur Fighter)        Turns: 2325, Time: 00:00:57

Health: -3/56      AC:  8    Str: 28    XL:     6   Next: 30%
Magic:  5/5        EV:  9    Int:  5    God:
Gold:   158        SH:  5    Dex: 10    Spells: 5/5 levels left

rFire   . . .        a - +0 war axe
rCold   . . .        c - +0 buckler
rNeg    . . .        b - +0 scale mail
rPois   .            (helmet restricted)
rElec   .            v - +0 cloak
rCorr   .            (no gloves)
SInv    .            (no boots)
Will    .....        (no amulet) Stlth
                     m - +6 ring of strength
HPRegen 0.29/turn    (no ring)
MPRegen 0.09/turn

%: no passive effects
@: mighty
A: horns 2, retaliatory headbutt
a: no special abilities


You were on level 4 of the Dungeon.
You visited 1 branch of the dungeon, and saw 4 of its levels.

You collected 158 gold pieces.

Inventory:

Hand Weapons
 a - a +0 war axe (weapon)
 n - the +8 spear of the Inferno {heavy, Int+5}
   (You found it on level 2 of the Dungeon)

   Int+5:     It affects your intelligence (+5).
Missiles
 t - 5 boomerangs (quivered)
Armour
 b - a +0 scale mail (worn)
 c - a +0 buckler (worn)
 v - a +0 cloak (worn)
Jewellery
 m - a +6 ring of strength (left hand)
Scrolls
 e - a scroll of revelation {unknown}
 g - 2 scrolls of vulnerability {unknown}
 l - 2 scrolls of identify {unknown}
 o - a scroll of fear {unknown}
 p - a scroll of acquirement {unknown}
 r - a scroll of noise {unknown}
Potions
 f - a potion of attraction {unknown}
 h - a potion of invisibility {unknown}
 i - a potion of degeneration {unknown}
 j - 2 potions of curing {unknown}
 k - 2 potions of enlightenment {unknown}
 q - a potion of haste {unknown}
 s - a potion of berserk rage {unknown}
 u - a potion of heal wounds {unknown}


   Skills:
 + Level 5.0 Fighting
 * Level 5.4 Axes
 + Level 5.0 Armour
 + Level 5.0 Shields


You had 5 spell levels left.
You didn't know any spells.
Your spell library contained the following spells:

 Spells                   Type           Power      Damage    Failure   Level
 Magic Dart               Conj           0%         1d3       78%         1
 Necrotise                Necr           0%         1d4       78%         1
 Sting                    Conj/Alch      0%         1d3       78%         1
 Blink                    Tloc           0%         N/A       89%         2
 Call Imp                 Summ           0%         N/A       89%         2
 Mercury Vapours          Alch/Air       0%         N/A       89%         2
 Stone Arrow              Conj/Erth      0%         3d7       98%         3
 Vampiric Draining        Necr           0%         2d6       98%         3
 Animate Armour           Summ/Erth      0%         N/A       100%        4
 Martyr's Knell           Necr/Summ      0%         N/A       100%        4
 Olgreb's Toxic Radiance  Alch           0%         N/A       100%        4
 Curse of Agony           Necr           0%         N/A       100%        5
 Lehudib's Crystal Spear  Conj/Erth      0%         10d2      100%        8


Dungeon Overview and Level Annotations

Branches:
Dungeon (4/15) Zot: 21638
 Temple: D:4-7

Altars:


Innate Abilities, Weirdness & Mutations

You have a pair of horns on your head.
You reflexively headbutt those who attack you in melee.


Message History

You are too confused!
You bump into the rock wall.
The gnoll hits you but does no damage.
The orc wizard mumbles some strange words.
The orc wizard flickers and vanishes!
Deactivating autopickup; reactivate with Ctrl-A.
You are too confused!
You are too confused!
You hit the gnoll but do no damage. You closely miss something.
The gnoll barely misses you. Something hits you but does no damage.
A kobold comes into view. It is wielding a +0 club.
The gnoll hits you but does no damage. The gnoll completely misses you.
The gnoll closely misses you. Something completely misses you.
You are too confused!
The gnoll hits you from afar with a +0 halberd.
The gnoll attacks as it pursues you! The gnoll hits you with a +0 flail.
You closely miss the gnoll. Your headbutt misses the gnoll.
You closely miss something.
You feel less confused. The gnoll barely misses you.
The gnoll hits you with a +0 flail.
You hear some strange, mumbled words.
A magic dart appears from out of thin air!
The magic dart hits you. The gnoll completely misses you.
The gnoll barely misses you.
You hit the gnoll.
The gnoll is moderately wounded.
You miss something. Something hits you.
The gnoll hits you from afar with a +0 halberd.
The gnoll misses you. You block something's attack.
Unknown command.
A gnoll comes into view. It is wielding a +0 halberd.
The gnoll attacks as it pursues you! The gnoll hits you with a +0 flail.
Okay, then.
You feel very mighty all of a sudden. The gnoll hits you but does no damage.
The gnoll hits you with a +0 flail.
* * * LOW HITPOINT WARNING * * *
Unknown command.
You closely miss the gnoll. Your headbutt misses the gnoll.
The gnoll is moderately wounded.
The gnoll hits you from afar with a +0 halberd.
* * * LOW HITPOINT WARNING * * *
The gnoll hits you from afar with a +0 halberd.
* * * LOW HITPOINT WARNING * * *
The gnoll hits you but does no damage.
You slash the gnoll!
The gnoll is almost dead.
The gnoll hits you from afar with a +0 halberd!
* * * LOW HITPOINT WARNING * * *
The gnoll barely misses you. The gnoll hits you with a +0 flail.
You die...

####### ... ..# .### #.#
#.# ...)####.###.#
......<......## .
.......#.#.#..######....
.......#.#.##g{g@.......
.#...#....)...g##.......
...#...#.###.#.# g......
.####.!#......K.#.......
.....................
......####.#.#........
#.....$ #............
#......# ###.####.....
#...... ... ..


You could see 3 gnolls and a hobgoblin.

Vanquished Creatures
  Grinder (D:3)
  An orc priest (D:3)
  Crazy Yiuf (D:3)
  An orc wizard (D:4)
  An adder (D:3)
  A dart slug (D:2)
  6 orcs
  3 endoplasms
  3 giant cockroaches (D:1)
  7 goblins
  3 hobgoblins (D:2)
  3 jackals (D:2)
  6 ball pythons
  5 bats
  3 frilled lizards
  4 kobolds (D:1)
  5 rats
54 creatures vanquished.

Notes
Turn   | Place    | Note
-------+----------+-------------------------------------------
     0 | D:1      | shadowrider38 the Minotaur Fighter began the quest for the
                  | Orb.
     0 | D:1      | Reached XP level 1. HP: 19/19 MP: 0/0
   365 | D:1      | Reached XP level 2. HP: 27/27 MP: 1/1
   402 | D:1      | Reached skill level 3 in Axes
   826 | D:2      | Reached XP level 3. HP: 33/33 MP: 2/2
  1214 | D:2      | Found a faded altar of an unknown god.
  1408 | D:2      | Identified the +8 spear of the Inferno {heavy, Int+5}
  1622 | D:3      | HP: 1/33 [orc priest/divine providence (10)]
  1624 | D:3      | Reached XP level 4. HP: 2/40 MP: 3/3
  1800 | D:3      | Noticed Grinder
  1800 | D:3      | Paralysed by Grinder for 2 turns
  1815 | D:3      | Killed Grinder
  1816 | D:3      | Reached XP level 5. HP: 39/47 MP: 4/4
  1816 | D:3      | Reached XP level 6. HP: 45/55 MP: 5/5
  1942 | D:3      | Found a runed translucent door.
  1943 | D:3      | Noticed Crazy Yiuf
  2205 | D:3      | Killed Crazy Yiuf
  2325 | D:4      | Slain by a gnoll

Illustrated notes

Levels and vault maps discovered:
D:1:      amcnicky_arrival_abandoned_market, layout_loops_ring
D:2:      layout_basic, ebering_ecumenical_altar_abandoned, nicolae_hexahallways
D:3:      layout_rooms, minmay_door_square, uniq_crazy_yiuf_cottage,
          uniq_grinder
D:4:      layout_basic, mainiacjoe_overflow_small_starburst, corexii_shack,
          bh_walls_and_bars

Skill      XL: |  1  2  3  4  5  6 |
---------------+-------------------+-----
Axes           | 3 5 |  5.4
Fighting       | 4 5 |  5.0
Shields        | 4 5 |  5.0
Armour         | 4 5 |  5.0

Action                     |  1- 3 |  4- 6 || total
---------------------------+-------+-------++-------
  Melee: War axe           |    81 |    23 ||   104
         Headbutt          |     7 |     4 ||    11
    Use: Potion            |       |     1 ||     1
 Armour: Scale mail        |    74 |    33 ||   107
  Dodge: Dodged            |    39 |    17 ||    56
  Block: Buckler           |    15 |     3 ||    18
